 Dungeon Crawl Stone Soup version 0.32-a0-876-gcfddb08 (webtiles) character file.

Game seed: 4112295816603899720

40 Dorkslayer the Trooper (level 3, 0/26 HPs)
             Began as an Octopode Fighter on Apr 1, 2024.
             Succumbed to an adder's poison
             ... on level 2 of the Dungeon.
             The game lasted 00:02:18 (1047 turns).

Dorkslayer the Trooper (Octopode Fighter)           Turns: 1047, Time: 00:02:19

Health: 0/26       AC:  1    Str: 17    XL:     3   Next: 50%
Magic:  3/3        EV: 12    Int: 10    God:
Gold:   38         SH:  4    Dex: 11    Spells: 2/2 levels left

rFire   . . .        a - +0 war axe
rCold   . . .        b - +0 buckler
rNeg    . . .        (helmet restricted)
rPois   .            (no amulet)
rElec   .            (no ring)
rCorr   .            (no ring)
SInv    .            (no ring)
Will    .....        (no ring)
Stlth   ++           (no ring)
HPRegen 0.24/turn    (no ring)
MPRegen 0.08/turn    (no ring)
                     (no ring)

%: no passive effects
@: lethally poisoned (0 -> -8)
A: almost no armour, amphibious, 8 rings, camouflage 1, gelatinous body 1,
(nimble swimmer 1), tentacles
a: no special abilities


You were on level 2 of the Dungeon.
You visited 1 branch of the dungeon, and saw 2 of its levels.

You collected 38 gold pieces.

Inventory:

Hand Weapons
 a - a +0 war axe (weapon)
Missiles
 h - a throwing net (quivered)
Armour
 b - a +0 buckler (worn)
Talismans
 k - a flux talisman
Scrolls
 d - a scroll of fear {unknown}
 e - a scroll of teleportation {unknown}
 f - a scroll of enchant armour {unknown}
 g - a scroll of identify {unknown}
 j - a scroll of vulnerability {unknown}
Potions
 c - a potion of might
 i - 2 potions of curing {unknown}
 l - 2 potions of attraction {unknown}


   Skills:
 + Level 3.4 Fighting
 + Level 2.3 Axes
 + Level 3.2 Dodging
 + Level 1.0 Stealth
 + Level 3.3 Shields
 * Level 0.5 Shapeshifting


You had 2 spell levels left.
You didn't know any spells.
Your spell library was empty.

Dungeon Overview and Level Annotations

Branches:
Dungeon (2/15)

Altars:


Innate Abilities, Weirdness & Mutations

You cannot wear most types of armour.
You are amphibious.
You can wear up to eight rings at the same time.
Your skin changes colour to match your surroundings (Stealth+).
Your rubbery body absorbs attacks. (AC +1, EV +1)
((You are camouflaged when in or above water. (Stealth+)))
You have tentacles for arms and can constrict up to eight enemies at once.


Message History

There is an open door here.
The helpless ball python fails to defend itself.
You hit the ball python. You grab the ball python.
The ball python is severely wounded.
You constrict the ball python.
You kill the ball python!
Found a stone staircase leading down.
Found a stone staircase leading up.
There is a stone staircase leading up here.
There is a stone staircase leading up here.
A ribbon worm and an adder come into view.
The ribbon worm expels a string of sticky webbing.
The stream of webbing hits you but does no damage.
You are caught in a web!
There is a web here.
The web tears apart.
Unknown command.
Found a club.
The adder hisses angrily.
The adder bites you.
The ribbon worm expels a string of sticky webbing.
The stream of webbing hits you but does no damage.
You are caught in a web!
There is a web here.
The web tears apart.
The adder bites you.
You are poisoned.
The adder poisons you! The adder bites you.
You are more poisoned.
The adder poisons you! The ribbon worm bites you.
You barely miss the adder. Your grab misses the adder.
You hit the ribbon worm but do no damage.
* * * LOW HITPOINT WARNING * * *
You feel very sick. You block the adder's attack. The ribbon worm bites you.
* * * LOW HITPOINT WARNING * * *
The adder closely misses you.
You hit the adder. Your grab misses the adder.
The adder is heavily wounded.
You barely miss the ribbon worm.
You die...

#####.# #.# #. #.# #+##
#######.# ##...##
#.......# ##<....##
#.#####.# ##.......###
##.##.#
#.........##.#.....#####
'.........+......w.......
#.........##.#..@#.######
##.......# ##.S#.#
##.....## ......# ##...##
####.### ##.#+#.# #.#
##.##.# .## #.#
#.###.###.### #)#
#.###....... ..#
#.##...##.#


You could see a ribbon worm (catching breath) and an adder.

Vanquished Creatures
  An adder (D:2)
  A ribbon worm (D:2)
  4 bats
  4 endoplasms (D:1)
  3 giant cockroaches
  4 goblins
  A hobgoblin (D:1)
  4 ball pythons
  3 frilled lizards (D:1)
  A kobold (D:1)
  A rat (D:1)
27 creatures vanquished.

Notes
Turn   | Place    | Note
-------+----------+-------------------------------------------
     0 | D:1      | Dorkslayer the Octopode Fighter began the quest for the
                  | Orb.
     0 | D:1      | Reached XP level 1. HP: 16/16 MP: 1/1
   160 | D:1      | Reached XP level 2. HP: 21/21 MP: 2/2
   787 | D:2      | Reached XP level 3. HP: 21/26 MP: 3/3
   885 | D:2      | Reached skill level 1 in Stealth
  1047 | D:2      | Succumbed to an adder's poison

Illustrated notes

Levels and vault maps discovered:
D:1:      kennysheep_arrival_seaside, layout_basic, minmay_misc_feat_alley,
          minmay_misc_feat_chi
D:2:      layout_loops_corners, uniq_robin

Skill      XL: |  1  2  3 |
---------------+----------+-----
Stealth        | 1 |  1.0
Fighting       | |  3.4
Axes           | |  2.3
Dodging        | |  3.2
Shields        | |  3.3
Shapeshifting  | |  0.5

Action                     || total
---------------------------++-------
  Melee: War axe           ||    38
         Constrict         ||     9
         Tentacles         ||     2
   Stab: Sleeping          ||     6
         Distracted        ||     1
 Armour: Skin              ||    16
  Dodge: Dodged            ||    15
  Block: Buckler           ||     7

Table legend: (Time is in decaauts)
 A = Elapsed time spent in this place.
 B = Non-inter-level travel time spent in this place.
 C = Inter-level travel time spent in this place.
 D = Time resting spent in this place.
 E = Time spent auto-exploring this place.
 F = Levels seen in this place.
 G = Mean time per level.
                   A        B        C        D        E       F      G
               +--------+--------+--------+--------+--------+-----+--------+
         Total |   1063 |   1063 |      0 |      0 |    549 |   2 |  531.5 |
       Dungeon |   1063 |   1063 |      0 |      0 |    549 |   2 |  531.5 |
               +--------+--------+--------+--------+--------+-----+--------+

Top non-repeatable levels by time:
     D:1: 781 daAuts
     D:2: 282 daAuts
